Map: King's Cove LE

Players

Cam

  • Race: Terran Terran
  • League: Platinum
  • Spawn Location: 11:00

wootwoot - Winner!

  • Race: Protoss Protoss
  • League: Gold
  • Spawn Location: 5:00

VOD

Have the link to the VOD?

Description

Time

  • Played on: April 21, 2025, 1:22 p.m.
  • Length: 3:30
Show
View Real Time Build Order
Export as new Build Order

Cam Terran 

Build Orders:  

Get SALT Encoding   

  12  0:00  SCV  
  13  0:12  SCV  
  14  0:18  Supply Depot  
  14  0:24  SCV  
  15  0:40  SCV  
  15  0:42  Barracks  
  16  0:50  Refinery  
  16  0:52  SCV  
  17  1:04  SCV  
  18  1:16  SCV  
  19  1:22  Refinery  
  19  1:28  SCV  
  19  1:31  Supply Depot  
  20  1:35  Reaper  
  21  1:41  Orbital Command  
  21  2:04  Command Center  
  21  2:07  Barracks Reactor  
  21  2:14  SCV  
  22  2:23  Factory  
  22  2:26  SCV  
  23  2:43  Marine x2  
  21  3:06  Marine  
  21  3:12  Marine  
Show
View Real Time Build Order
Export as new Build Order

wootwoot Protoss - Winner!

Build Orders:  

Get SALT Encoding   

  12  0:00  Probe  
  13  0:12  Probe  
  14  0:19  Pylon  
  14  0:24  Probe  
  15  0:37  Gateway  
  15  0:42  Assimilator  
  15  0:50  Pylon  
  15  1:09  Gateway  
  15  1:15  Gateway  
  15  1:30  Cybernetics Core  
  15  1:42  Probe  
  16  1:54  Stalker, Probe  
  16  1:55  Stalker  
  21  2:20  Stalker  
  21  2:21  Stalker  
  25  2:40  Shield Battery  
  25  2:47  Stalker  
  27  2:52  Stalker  
  29  3:15  Pylon  
Tags
 
Add a new tag
Caveats
  • Supply blocks, unpowered buildings, or Contaminate may cause inaccurate times.
  • Supply counts are checked every 10 seconds.